 Dungeon Crawl Stone Soup version 0.30.0-29-ga12c61a403 (webtiles) character file.

Game seed: 5436366194751750161

56 seaoflcl the Trooper (level 4, 0/35 HPs)
             Began as a Human Fighter on June 5, 2023.
             Slain by a gnoll
             ... wielding a +0 halberd
              (11 damage)
             ... on level 2 of the Dungeon.
             The game lasted 00:01:16 (1462 turns).

seaoflcl the Trooper (Human Fighter)                Turns: 1462, Time: 00:01:17

Health: 0/35       AC:  6    Str: 18    XL:     4   Next: 17%
Magic:  4/4        EV:  9    Int:  8    God:
Gold:   99         SH:  5    Dex: 13    Spells: 3/3 levels left

rFire   . . .        a - +0 long sword
rCold   . . .        c - +0 buckler
rNeg    . . .        b - +0 scale mail
rPois   .            (no helmet)
rElec   .            (no cloak)
rCorr   .            (no gloves)
SInv    .            (no boots)
Will    .....        (no amulet) Stlth
                     (no ring)
HPRegen 0.25/turn    (no ring)
MPRegen 0.09/turn

%: no passive effects
@: no status effects
A: no striking features
a: no special abilities


You were on level 2 of the Dungeon.
You visited 1 branch of the dungeon, and saw 2 of its levels.

You collected 99 gold pieces.

Inventory:

Hand Weapons
 a - a +0 long sword (weapon)
Armour
 b - a +0 scale mail (worn)
 c - a +0 buckler (worn)
Scrolls
 e - 3 scrolls of blinking {unknown}
 f - a scroll of immolation {unknown}
 g - a scroll of fog {unknown}
 j - a scroll of identify {unknown}
Potions
 d - a potion of might
 h - 2 potions of mutation {unknown}
 i - a potion of attraction {unknown}
 k - 2 potions of curing {unknown}
 l - a potion of magic {unknown}


   Skills:
 + Level 3.4 Fighting
 * Level 2.8 Long Blades
 + Level 3.4 Armour
 + Level 3.4 Shields


You had 3 spell levels left.
You didn't know any spells.
Your spell library contained the following spells:

 Spells                   Type           Power      Damage    Failure   Level
 Beastly Appendage        Tmut           0%         N/A       86%         1
 Wereblood                Tmut           0%         N/A       95%         2
 Spider Form              Tmut/Pois      0%         N/A       99%         3


Dungeon Overview and Level Annotations

Branches:
Dungeon (2/15)

Altars:


Message History

The gnoll completely misses you.
You slash the gnoll!
The gnoll is severely wounded.
The gnoll hits you with a +0 halberd. You block the gnoll's attack.
You hit the gnoll.
The gnoll is almost dead.
The gnoll barely misses you. x2; You block the gnoll's attack.
You closely miss the gnoll.
The gnoll is almost dead.
The gnoll closely misses you. The gnoll barely misses you.
The gnoll hits you with a +0 halberd.
You hit the gnoll.
The gnoll is almost dead.
The gnoll barely misses you. x2; You block the gnoll's attack.
The gnoll closely misses you. The gnoll hits you with a +0 whip.
The gnoll hits you but does no damage.
You are too injured to fight recklessly!
You are too injured to fight recklessly!
You are too injured to fight recklessly!
You are too injured to fight recklessly!
You are too injured to fight recklessly!
You are too injured to fight recklessly!
You are too injured to fight recklessly!
You are too injured to fight recklessly!
You are too injured to fight recklessly!
You are too injured to fight recklessly!
You are too injured to fight recklessly!
The gnoll hits you with a +0 club. You block the gnoll's attack.
You hit the gnoll.
The gnoll is heavily wounded.
The gnoll hits you but does no damage.
You closely miss the gnoll.
The gnoll is heavily wounded.
The gnoll closely misses you.
The gnoll hits you from afar with a +0 halberd.
You hit the gnoll.
The gnoll is almost dead.
The gnoll hits you with a +0 club. The gnoll barely misses you.
The gnoll hits you from afar with a +0 halberd!
You die...

#.# .# # #.# .####.#
######.# ##.#....
#......### #....#
#.##.....###.g#
#.###.#.g).# # #.#
#.#.g###
#.##.###...g######+#
#...........@......#
####.##.........####
#.##.........#
#.#..........#
#>...........#
#.######...... #.#
#.###### #.# #.
#####.##


You could see 3 gnolls.

Vanquished Creatures
  A gnoll (D:2)
  An adder (D:2)
  3 dart slugs
  3 endoplasms (D:1)
  A giant cockroach (D:1)
  A goblin (D:2)
  5 hobgoblins
  2 jackals (D:1)
  4 ball pythons
  3 bats
  A frilled lizard (D:1)
  4 kobolds
  5 rats
34 creatures vanquished.

Notes
Turn   | Place    | Note
-------+----------+-------------------------------------------
     0 | D:1      | seaoflcl the Human Fighter began the quest for the Orb.
     0 | D:1      | Reached XP level 1. HP: 18/18 MP: 1/1
   231 | D:1      | Reached XP level 2. HP: 24/24 MP: 2/2
   433 | D:1      | Reached XP level 3. HP: 26/29 MP: 3/3
   637 | D:1      | Found a faded altar of an unknown god.
  1451 | D:2      | Reached XP level 4. HP: 35/35 MP: 4/4
  1462 | D:2      | Slain by a gnoll

Illustrated notes

Levels and vault maps discovered:
D:1:      mrwooster_arrival_arrow, layout_basic, serial_forest,
          infiniplex_forest_end_2, infiniplex_forest_end_double,
          infiniplex_forest_clump_large, infiniplex_forest_straight_2,
          infiniplex_forest_3_way, infiniplex_forest_clump_curved,
          infiniplex_forest_end_3, chequers_ecumenical_altar_lobes
D:2:      layout_basic, basic_altar, serial_bayou, serial_bayou_lagoon_a,
          serial_bayou_pond_c, serial_bayou_pond_b, serial_bayou_shore_b,
          serial_bayou_crossing, nicolae_underground_beach

Action                     |  1- 3 |  4- 6 || total
---------------------------+-------+-------++-------
  Melee: Long sword        |    92 |     8 ||   100
 Armour: Scale mail        |    39 |     2 ||    41
  Dodge: Dodged            |    51 |    10 ||    61
  Block: Buckler           |    29 |     4 ||    33
